 Dungeon Crawl Stone Soup version 0.23-a0-586-gacb4b3f (webtiles) character file.

58 galech the Skirmisher (level 3, -11/29 HPs)
             Began as a Demonspawn Fighter on Dec 19, 2018.
             Killed by nerve-wracking pain
             ... invoked by an orc priest
              (13 damage)
             ... on level 2 of the Dungeon.
             The game lasted 00:01:31 (1850 turns).

galech the Skirmisher (Demonspawn Fighter)          Turns: 1850, Time: 00:01:32

Health: -11/29     AC:  8    Str: 21    XL:     3   Next: 76%
Magic:  12/12      EV:  9    Int:  9    God:
Gold:   38         SH:  6    Dex: 13    Spells: 2/2 levels left

rFire    + . .     SeeInvis .   a - +0 war axe
rCold    x . .     Gourm    .   o - +2 buckler
rNeg     . . .     Faith    .   b - +0 scale mail
rPois    .         Spirit   .   (no helmet)
rElec    .         Reflect  .   (no cloak)
rCorr    .         Harm     .   (no gloves)
MR       .....                  (no boots)
Stlth    ..........             g - amulet of magic regeneration
HPRegen  0.09/turn              k - ring of fire
MPRegen  0.38/turn              p - ring of magical power

@: mighty
A: molten scales 1
a: no special abilities


You were on level 2 of the Dungeon.
You were not hungry.

You visited 1 branch of the dungeon, and saw 2 of its levels.

You collected 38 gold pieces.

Inventory:

Hand Weapons
 a - a +0 war axe (weapon)
Armour
 b - a +0 scale mail (worn)
 o - a +2 buckler (worn)
Jewellery
 g - an amulet of magic regeneration (around neck)
 k - a ring of fire (left hand)
 p - a ring of magical power (right hand)
Scrolls
 h - a scroll of random uselessness {unknown}
 i - 4 scrolls of identify {unknown}
 j - a scroll of amnesia {unknown}
 l - a scroll of teleportation {unknown}
 n - a scroll of enchant armour {unknown}
Potions
 c - a potion of degeneration {unknown}
 d - a potion of might
 e - a potion of heal wounds {unknown}
 m - a potion of brilliance {unknown}
 r - a potion of curing {unknown}
Comestibles
 f - 6 rations
 q - 7 chunks of flesh


   Skills:
 + Level 3.4 Fighting
 + Level 2.8 Axes
 + Level 3.0 Armour
 + Level 0.1 Dodging
 + Level 3.0 Shields


You had 2 spell levels left.
You didn't know any spells.
Your spell library was empty.

Dungeon Overview and Level Annotations

Branches:
Dungeon (2/15)

Altars:


Innate Abilities, Weirdness & Mutations

You are partially covered in molten scales. (AC +2)


Message History

The orc's wounds heal themselves!
The orc misses you.
You slash the orc priest!
The orc priest is almost dead.
You slash the orc!
You kill the orc!
The orc priest begins to cast a cantrip, but forgets the words!
You barely miss the orc priest.
The orc priest is almost dead.
The orc priest hits you with a +0 hand axe.
* * * LOW HITPOINT WARNING * * *
The orc priest hits you but does no damage.
You closely miss the orc priest.
The orc priest is almost dead.
The orc priest hits you with a +0 hand axe.
* * * LOW HITPOINT WARNING * * *
You completely miss the orc priest.
The orc priest is almost dead.
The orc priest mumbles some strange prayers to Beogh against you.
Pain shoots through your body!
You die...

##............#.
#...(...#.........#..<#
#..)....#......####.###
#.......#......'......#
#.....<.#.[....########
#....<..#......#
#.......########
#....)o†##
#@..##############
###.#.............
#.#)############ #.#.#
#...# ###.# ###


You could see an orc priest.

Vanquished Creatures
  An adder (D:2)
  3 worms (D:2)
  4 dart slugs
  2 orcs (D:2)
  3 bats
  A giant cockroach (D:2)
  A goblin (D:2)
  8 hobgoblins
  A kobold (D:2)
  2 frilled lizards (D:2)
  5 rats (D:2)
31 creatures vanquished.

Notes
Turn   | Place    | Note
-------+----------+-------------------------------------------
     0 | D:1      | galech the Demonspawn Fighter began the quest for the Orb.
     0 | D:1      | Reached XP level 1. HP: 18/18 MP: 1/1
   228 | D:1      | Gained mutation: You are partially covered in molten
                  | scales. (AC +2) [demonic ancestry]
   228 | D:1      | Reached XP level 2. HP: 24/24 MP: 2/2
  1142 | D:2      | Reached XP level 3. HP: 29/29 MP: 3/3
  1850 | D:2      | Killed from afar by an orc priest

Vault maps used:
D:1:      noname_arrival_rooms_in_the_neighbourhood, corexii_leaking_fountain,
          grunt_decor_one_mirror
D:2:      first_ration, corner_web_ring

Skill      XL: |  1  2  3 |
---------------+----------+-----
Axes           | 2 |  2.8
Shields        | 3 |  3.0
Armour         | 3 |  3.0
Fighting       | |  3.4
Dodging        | |  0.1

Action                   || total
-------------------------++-------
Melee: War axe           ||   101
  Use: Potion            ||     1
  Eat: Chunk             ||     3
Armor: Scale mail        ||    46
Dodge: Dodged            ||    36
Block: Shield            ||    21
       Buckler           ||    20

Table legend:
 A = Non-vault XP
 B = Vault XP
 C = Vault XP percentage of total XP
 D = Non-vault monster count
 E = Vault monster count
 F = Vault count percentage of total count
                 A         B        C        D         E       F
            +---------+---------+-------+---------+---------+-------
      Total |      84 |       0 |   0.0 |      31 |       0 |   0.0
            +---------+---------+-------+---------+---------+-------
        D:1 |      22 |       0 |   0.0 |       8 |       0 |   0.0
        D:2 |      62 |       0 |   0.0 |      23 |       0 |   0.0
            +---------+---------+-------+---------+---------+-------
